 Dungeon Crawl Stone Soup version 0.21.1 (webtiles) character file.

2635 shakethe the Grappler (level 9, -1/80 HPs)
             Began as a Troll Monk on Feb 4, 2018.
             Was a Priest of Okawaru.
             Killed by the air
             ... invoked by Mgcat's ghost
              (7 damage)
             ... on level 7 of the Dungeon.
             The game lasted 00:26:24 (5363 turns).

shakethe the Grappler (Troll Monk)                  Turns: 5363, Time: 00:26:26

Health: -1/80      AC:  8    Str: 21    XL:     9   Next: 35%
Magic:  8/8        EV: 11    Int:  6    God:    Okawaru [***...]
Gold:   307        SH:  0    Dex: 15    Spells: 8/8 levels left

rFire    . . .     SeeInvis .     - Unarmed
rCold    . . .     Gourm    +   (no shield)
rNeg     . . .     Faith    .   a - +1 robe
rPois    .         Spirit   .   (helmet restricted)
rElec    .         Reflect  .   (no cloak)
rCorr    .         Harm     .   (gloves unavailable)
MR       .....                  (boots unavailable)
Stlth    ++........             (no amulet)
HPRegen  0.63/turn              l - +2 ring of protection
MPRegen  0.11/turn              (no ring)

@: no status effects
A: large, unfitting armour, claws 3, fast metabolism 3, gourmand, regeneration
1, shaggy fur 1, tough skin 2
a: Heroism, Renounce Religion


You were on level 7 of the Dungeon.
You worshipped Okawaru.
Okawaru was most pleased with you.
You were not hungry.

You visited 1 branch of the dungeon, and saw 7 of its levels.

You collected 307 gold pieces.

Inventory:

Hand Weapons
 f - a cursed +0 short sword
 o - a cursed -2 whip
 s - a +0 mace of pain
 x - a +3 flail of crushing
 A - a +1 vampiric great sword
 C - a +0 giant club
 E - a cursed +0 shortbow
 I - a +2 flail of crushing
Missiles
 q - 2 throwing nets (quivered)
 F - 6 arrows
Armour
 a - a +1 robe (worn)
 e - a +1 pair of gloves
 y - a cursed +0 leather armour
Jewellery
 l - a +2 ring of protection (left claw)
 v - an uncursed ring of magical power
 H - an uncursed ring of protection from cold {unknown}
Wands
 n - a wand of flame (9)
 u - a wand of digging (17)
 G - a wand of random effects (32)
Scrolls
 c - 6 scrolls of remove curse
 d - 2 scrolls of identify
 g - 2 scrolls of immolation
 k - a scroll of fog
 m - 3 scrolls of magic mapping
Potions
 h - 4 potions of curing {unknown}
 j - 3 potions of heal wounds {unknown}
 p - a potion of resistance {unknown}
 r - a potion of berserk rage {unknown}
 t - a potion of flight {unknown}
 w - a potion of ambrosia {unknown}
 z - a potion of invisibility {unknown}
 B - a potion of agility {unknown}
 D - a potion of degeneration {unknown}
Comestibles
 b - 18 rations
 i - 2 chunks of flesh


   Skills:
 - Level 2.4 Fighting
 + Level 8.4 Maces & Flails
 - Level 2.4 Dodging
 - Level 1.0 Stealth
 - Level 9.3 Unarmed Combat


You had 8 spell levels left.
You didn't know any spells.

Dungeon Overview and Level Annotations

Branches:
Dungeon (7/15)
 Temple: D:4-7

Altars:
Ashenzari
Dithmenos
Elyvilon
Hepliaklqana
Nemelex Xobeh
Okawaru
Qazlal
Ru
Uskayaw
Vehumet
The Shining One

Shops:
D:4 %*   D:6 [

Annotations:
D:7 Mgcat's ghost, novice GrAE


Innate Abilities, Weirdness & Mutations

You are too large for most types of armour.
You have claws for hands.
Your metabolism is lightning-fast.
You like to eat raw meat.
Your natural rate of healing is unusually fast.
You are covered in fur. (AC +1)
You have very tough skin. (AC +2)


Message History

Mgcat's ghost hits you!
You closely miss Mgcat's ghost.
Mgcat's ghost is lightly damaged.
Mgcat's ghost hits you.
You miss Mgcat's ghost.
Mgcat's ghost is lightly damaged.
Mgcat's ghost hits you.
A howler monkey skeleton comes into view.
Mgcat's ghost casts a spell at you. The bolt of lightning hits you!
Mgcat's ghost gestures at you while chanting.
The bolt of lightning hits you!
* * * LOW HITPOINT WARNING * * *
Mgcat's ghost casts a spell at you. The zap hits you!
* * * LOW HITPOINT WARNING * * *
Okay, then.
Mgcat's ghost waves its arms in wide circles.
The air twists around and strikes you!
You die...

#### ## #.. ..# #.# #.#
##### ##.## #.#
....###...#### #.#
............###.#
#.#.....#......###### ...
#..@................ #...
#.#..#.###.##...####.
....# #..#.###.##...# #.
..... #....##..##...# #.
#Z.... #W.....).##...# #.
#.....### #..#####).....#
#.
{..Z....###..#((.#)<...##
#.
#.W.....#...#)....#####.
#..#.####.#####.##......#.


You could see a hand axe and Mgcat's ghost.

Vanquished Creatures
  A hippogriff (D:7)
  Sigmund (D:4)
  A hungry ghost (D:7)
  Duvessa (D:6)
  The ghost of shakethe the Ruffian, an amateur TrMo (D:3)
  2 orc warriors (D:7)
  2 sky beasts
  A phantom (D:6)
  2 ogres
  A centaur (D:6)
  A bullfrog (D:6)
  Dowan (D:6)
  A scorpion (D:4)
  2 howler monkeys
  A bullfrog zombie (D:6)
  A crimson imp (D:6)
  A centaur zombie (D:6)
  A jelly (D:6)
  3 hounds
  4 orc priests
  A centaur skeleton (D:6)
  3 iguanas
  5 orc wizards
  6 worker ants
  2 hound skeletons
  A worker ant zombie (D:7)
  8 gnolls
  8 adders
  A howler monkey skeleton (D:6)
  A shadow imp (D:5)
  An ooze (D:4)
  2 adder zombies (D:6)
  4 worms
  3 leopard geckos
  27 orcs
  5 giant cockroaches
  9 goblins
  7 hobgoblins
  5 jackals
  6 kobolds
  4 quokkas
  3 ball pythons
  6 bats
  10 frilled lizards
  A quokka skeleton (D:4)
  3 rats
161 creatures vanquished.

Notes
Turn   | Place    | Note
-------+----------+-------------------------------------------
     0 | D:1      | shakethe the Troll Monk began the quest for the Orb.
     0 | D:1      | Reached XP level 1. HP: 22/22 MP: 0/0
   147 | D:1      | Reached XP level 2. HP: 28/29 MP: 1/1
   562 | D:2      | Reached skill level 4 in Unarmed Combat
   593 | D:2      | Reached XP level 3. HP: 33/36 MP: 2/2
   917 | D:2      | Reached skill level 5 in Unarmed Combat
   917 | D:2      | Reached XP level 4. HP: 35/44 MP: 3/3
  1322 | D:3      | Found a white marble altar of Elyvilon.
  1327 | D:3      | Noticed shakethe's ghost (amateur TrMo)
  1353 | D:3      | Killed shakethe's ghost
  1353 | D:3      | Reached skill level 6 in Unarmed Combat
  1353 | D:3      | Reached XP level 5. HP: 10/50 MP: 4/4
  1631 | D:3      | Found a glowing golden altar of the Shining One.
  1836 | D:3      | Reached XP level 6. HP: 58/59 MP: 5/5
  1946 | D:3      | Reached skill level 7 in Unarmed Combat
  2216 | D:4      | Found Mauginut's Assorted Antiques.
  2318 | D:4      | Found a sparkling altar of Nemelex Xobeh.
  2454 | D:4      | Reached skill level 8 in Unarmed Combat
  2454 | D:4      | Reached XP level 7. HP: 64/66 MP: 6/6
  2516 | D:4      | Noticed Sigmund
  2524 | D:4      | Killed Sigmund
  2703 | D:4      | Found a radiant altar of Vehumet.
  2853 | D:4      | Found Vaugisid's Food Emporium.
  3158 | D:5      | Entered Level 5 of the Dungeon
  3273 | D:5      | Found a sacrificial altar of Ru.
  3304 | D:5      | Reached skill level 9 in Unarmed Combat
  3416 | D:5      | Found a shattered altar of Ashenzari.
  3459 | D:5      | Found a stormy altar of Qazlal.
  3644 | D:5      | Found an iron altar of Okawaru.
  3655 | D:5      | Became a worshipper of Warmaster Okawaru
  3655 | D:5      | Reached * piety under Okawaru
  3655 | D:5      | Reached ** piety under Okawaru
  3932 | D:6      | Found Dididd's Antique Armour Shoppe.
  3964 | D:6      | Reached skill level 1 in Maces & Flails
  4079 | D:6      | Reached XP level 8. HP: 60/74 MP: 7/7
  4182 | D:6      | Found a shadowy altar of Dithmenos.
  4538 | D:6      | Reached skill level 5 in Maces & Flails
  4643 | D:6      | Found a hazy altar of Hepliaklqana.
  4827 | D:6      | Noticed Dowan
  4839 | D:6      | Killed Dowan
  4847 | D:6      | Noticed Duvessa
  4856 | D:6      | Killed Duvessa
  4856 | D:6      | Reached *** piety under Okawaru
  5008 | D:7      | Found a hide-covered altar of Uskayaw.
  5008 | D:7      | Noticed a dagger
  5009 | D:7      | Noticed a hand axe
  5027 | D:7      | Noticed a hippogriff
  5030 | D:7      | Reached XP level 9. HP: 80/80 MP: 5/8
  5342 | D:7      | Noticed Mgcat's ghost (novice GrAE)
  5357 | D:7      | HP: 2/80 [Mgcat's ghost/zap (6)]
  5363 | D:7      | Killed from afar by Mgcat's ghost

Skill      XL: |  1  2  3  4  5  6  7  8  9 |
---------------+----------------------------+-----
Unarmed Combat | 4 5 6 8 9 |  9.3
Maces & Flails | 2 7 8 |  8.4
Fighting       | |  2.4
Dodging        | |  2.4
Stealth        | |  1.0

Action                   |  1- 3 |  4- 6 |  7- 9 || total
-------------------------+-------+-------+-------++-------
Melee: Unarmed           |   107 |   169 |   216 ||   492
       Punch             |     1 |     2 |    13 ||    16
Invok: Heroism           |       |       |     3 ||     3
  Use: Scroll            |       |     3 |    10 ||    13
 Stab: Sleeping          |       |       |     1 ||     1
  Eat: Chunk             |    12 |    16 |    26 ||    54
Armor: Robe              |    31 |    45 |    54 ||   130
Dodge: Dodged            |    56 |    83 |    93 ||   232
